[ PARTIDA AOE2 · #480658996 ]
1v1 RMWei vs Vikings
Equipo del jugador · VICT
Equipo rival · DERR
[ ANÁLISIS DE REPETICIÓN · EXTRAÍDO DE LA PARTIDA GRABADA ]
Feudal
10:04
Castillos
18:54
Imperial
34:54
| APM promedio | 21.5 |
| APM pico | 55 |
| eAPM promedio | 15.2 |
| Aldeanos / militares | 110 / 17 |
Foco
⚔️ 37.2% · 🌾 62.8%
Unknown (1949) ×61 · Unknown (1952) ×30 · Unknown (1944) ×12 · Unknown (1942) ×12 · Monk ×7 · Spearman ×4
Feudal
13:09
Castillos
18:42
Imperial
38:11
| APM promedio | 22.3 |
| APM pico | 64 |
| eAPM promedio | 15.2 |
| Aldeanos / militares | 174 / 226 |
Foco
⚔️ 35.4% · 🌾 64.6%
Spearman ×108 · Knight ×39 · Archer ×25 · Scorpion ×25 · Berserk ×22 · Trebuchet (Packed) ×4
Mapa de la partida
Recursos al inicio + cada clic de construcción. Línea gruesa = muro · recuadro discontinuo = muro de casas detectado. 🟡 oro · ⚪ piedra · 🟢 bayas · 🔶 jabalí · ⭕ reliquia
Inputs por minuto
— Bebeso - - {06}
Build order — Bebeso
Primeras 150 de 416 acciones detectadas
| 0:01 | Crear | Villager (Male) |
| 0:01 | Crear | Villager (Male) |
| 0:01 | Crear | Villager (Male) |
| 0:02 | Crear | Villager (Male) |
| 0:02 | Crear | Villager (Male) |
| 0:03 | Construir | House |
| 0:05 | Construir | House |
| 1:33 | Crear | Villager (Male) |
| 1:33 | Crear | Villager (Male) |
| 1:59 | Construir | Lumber Camp |
| 2:04 | Crear | Villager (Male) |
| 2:04 | Crear | Villager (Male) |
| 2:21 | Crear | Villager (Male) |
| 2:21 | Crear | Villager (Male) |
| 2:46 | Crear | Villager (Male) |
| 3:12 | Crear | Villager (Male) |
| 3:23 | Construir | House |
| 3:24 | Construir | House |
| 3:51 | Crear | Villager (Male) |
| 3:52 | Crear | Villager (Male) |
| 3:52 | Crear | Villager (Male) |
| 4:32 | Construir | Mill |
| 4:37 | Crear | Villager (Male) |
| 4:37 | Crear | Villager (Male) |
| 4:38 | Crear | Villager (Male) |
| 4:57 | Crear | Villager (Male) |
| 4:58 | Crear | Villager (Male) |
| 5:32 | Crear | Villager (Male) |
| 5:43 | Investigar | Loom |
| 6:18 | Crear | Villager (Male) |
| 7:25 | Construir | Farm |
| 7:33 | Construir | Farm |
| 7:51 | Crear | Villager (Male) |
| 7:54 | Investigar | Feudal Age |
| 7:55 | Investigar | Feudal Age |
| 8:02 | Construir | Barracks |
| 8:04 | Construir | House |
| 8:09 | Construir | House |
| 8:23 | Crear | Villager (Male) |
| 8:23 | Crear | Villager (Male) |
| 8:47 | Construir | Farm |
| 9:34 | Construir | Lumber Camp |
| 9:49 | Construir | Farm |
| 10:04 | Edad | Edad Feudal |
| 10:11 | Investigar | Double-Bit Axe |
| 10:22 | Crear | Spearman |
| 10:22 | Crear | Spearman |
| 10:48 | Construir | Farm |
| 11:08 | Construir | Farm |
| 11:11 | Construir | Farm |
| 11:21 | Crear | Villager (Male) |
| 11:22 | Crear | Villager (Male) |
| 11:29 | Construir | Farm |
| 11:49 | Construir | Mining Camp |
| 11:55 | Construir | House |
| 12:05 | Crear | Villager (Male) |
| 12:12 | Crear | Villager (Male) |
| 12:19 | Construir | Farm |
| 12:33 | Construir | Farm |
| 12:39 | Crear | Villager (Male) |
| 13:00 | Construir | Farm |
| 13:11 | Crear | Villager (Male) |
| 13:29 | Construir | Blacksmith |
| 13:32 | Construir | House |
| 13:41 | Crear | Spearman |
| 13:54 | Crear | Spearman |
| 14:34 | Crear | Villager (Male) |
| 14:35 | Crear | Villager (Male) |
| 14:45 | Construir | Market |
| 14:52 | Crear | Villager (Male) |
| 15:01 | Construir | Stable |
| 15:12 | Construir | Stable |
| 15:33 | Crear | Villager (Male) |
| 15:46 | Investigar | Castle Age |
| 15:51 | Investigar | Castle Age |
| 15:54 | Crear | Villager (Male) |
| 15:54 | Crear | Villager (Male) |
| 15:55 | Crear | Villager (Male) |
| 16:11 | Construir | Archery Range |
| 16:17 | Construir | House |
| 16:49 | Crear | Villager (Male) |
| 16:49 | Crear | Villager (Male) |
| 17:19 | Investigar | Gold Mining |
| 17:30 | Investigar | Horse Collar |
| 17:40 | Construir | Farm |
| 17:45 | Construir | Farm |
| 17:48 | Construir | Farm |
| 18:14 | Investigar | Stone Mining |
| 18:18 | Investigar | Bloodlines |
| 18:54 | Edad | Edad de los Castillos |
| 18:56 | Construir | Town Center |
| 19:09 | Crear | Villager (Male) |
| 19:34 | Construir | Town Center |
| 19:39 | Crear | Villager (Male) |
| 19:41 | Investigar | Wheelbarrow |
| 19:58 | Construir | Farm |
| 20:02 | Crear | Villager (Male) |
| 20:02 | Crear | Villager (Male) |
| 20:02 | Crear | Villager (Male) |
| 20:13 | Construir | Farm |
| 20:20 | Crear | Villager (Male) |
| 20:35 | Construir | Farm |
| 20:56 | Construir | Farm |
| 21:06 | Construir | Farm |
| 21:18 | Construir | Farm |
| 21:19 | Crear | Villager (Male) |
| 21:20 | Crear | Villager (Male) |
| 21:21 | Crear | Villager (Male) |
| 21:22 | Crear | Villager (Male) |
| 21:22 | Crear | Villager (Male) |
| 21:37 | Construir | Farm |
| 21:38 | Construir | Farm |
| 21:39 | Crear | Villager (Male) |
| 21:40 | Crear | Villager (Male) |
| 21:40 | Crear | Villager (Male) |
| 22:05 | Investigar | Bow Saw |
| 22:12 | Crear | Villager (Male) |
| 22:12 | Crear | Villager (Male) |
| 22:18 | Construir | Farm |
| 22:22 | Construir | Farm |
| 22:30 | Construir | Farm |
| 22:41 | Investigar | Heavy Plow |
| 22:50 | Construir | House |
| 22:52 | Construir | House |
| 22:55 | Construir | House |
| 23:00 | Crear | Unit 1944 |
| 23:01 | Crear | Unit 1944 |
| 23:18 | Crear | Unit 1944 |
| 23:19 | Crear | Unit 1944 |
| 23:24 | Crear | Unit 1952 |
| 23:25 | Crear | Unit 1952 |
| 23:25 | Crear | Unit 1952 |
| 23:26 | Crear | Unit 1952 |
| 23:26 | Crear | Unit 1952 |
| 23:36 | Construir | Mill |
| 23:38 | Construir | Farm |
| 23:41 | Construir | Farm |
| 23:57 | Investigar | Elite Skirmisher (upgrade) |
| 23:59 | Crear | Skirmisher |
| 23:59 | Crear | Skirmisher |
| 24:00 | Crear | Skirmisher |
| 24:00 | Crear | Skirmisher |
| 24:20 | Crear | Villager (Male) |
| 24:20 | Crear | Villager (Male) |
| 24:21 | Crear | Villager (Male) |
| 24:22 | Crear | Villager (Male) |
| 24:23 | Crear | Villager (Male) |
| 24:23 | Crear | Villager (Male) |
| 24:33 | Construir | University |
| 24:48 | Construir | Siege Workshop |
Build order — {06}
Primeras 150 de 365 acciones detectadas
| 0:01 | Crear | Villager (Male) |
| 0:01 | Crear | Villager (Male) |
| 0:02 | Crear | Villager (Male) |
| 0:02 | Crear | Villager (Male) |
| 0:03 | Construir | House |
| 0:06 | Construir | House |
| 1:30 | Crear | Villager (Male) |
| 1:31 | Crear | Villager (Male) |
| 1:45 | Construir | Lumber Camp |
| 2:00 | Crear | Villager (Male) |
| 2:01 | Crear | Villager (Male) |
| 2:21 | Crear | Villager (Male) |
| 2:21 | Crear | Villager (Male) |
| 2:50 | Crear | Villager (Male) |
| 2:50 | Crear | Villager (Male) |
| 3:20 | Crear | Villager (Male) |
| 3:21 | Crear | Villager (Male) |
| 3:27 | Construir | Mill |
| 3:33 | Construir | House |
| 3:41 | Crear | Villager (Male) |
| 3:41 | Crear | Villager (Male) |
| 3:53 | Construir | Mill |
| 4:03 | Crear | Villager (Male) |
| 4:03 | Crear | Villager (Male) |
| 4:59 | Crear | Villager (Male) |
| 4:59 | Crear | Villager (Male) |
| 5:33 | Crear | Villager (Male) |
| 5:33 | Crear | Villager (Male) |
| 5:34 | Crear | Villager (Male) |
| 6:01 | Construir | House |
| 6:21 | Crear | Villager (Male) |
| 6:21 | Crear | Villager (Male) |
| 6:21 | Crear | Villager (Male) |
| 6:25 | Crear | Villager (Male) |
| 6:25 | Crear | Villager (Male) |
| 6:51 | Crear | Villager (Male) |
| 6:51 | Crear | Villager (Male) |
| 6:51 | Crear | Villager (Male) |
| 7:46 | Construir | Lumber Camp |
| 8:09 | Construir | House |
| 8:11 | Construir | House |
| 8:29 | Crear | Villager (Male) |
| 8:29 | Crear | Villager (Male) |
| 9:09 | Crear | Villager (Male) |
| 9:33 | Crear | Villager (Male) |
| 9:33 | Crear | Villager (Male) |
| 9:33 | Crear | Villager (Male) |
| 10:18 | Construir | Mining Camp |
| 10:22 | Construir | House |
| 10:29 | Investigar | Feudal Age |
| 11:13 | Construir | Barracks |
| 11:33 | Construir | Palisade Wall |
| 11:50 | Construir | Palisade Wall |
| 11:59 | Construir | Palisade Wall |
| 12:14 | Construir | Palisade Wall |
| 12:18 | Construir | Palisade Gate |
| 12:27 | Construir | Palisade Wall |
| 12:38 | Construir | Farm |
| 12:38 | Construir | Farm |
| 12:39 | Construir | Farm |
| 12:39 | Construir | Farm |
| 12:39 | Construir | Farm |
| 12:39 | Construir | Farm |
| 12:39 | Construir | Farm |
| 12:40 | Construir | Farm |
| 12:40 | Construir | Farm |
| 12:43 | Crear | Villager (Male) |
| 12:43 | Crear | Villager (Male) |
| 13:09 | Edad | Edad Feudal |
| 13:14 | Construir | Palisade Wall |
| 13:24 | Construir | Market |
| 14:06 | Crear | Villager (Male) |
| 14:08 | Crear | Villager (Male) |
| 14:15 | Construir | Archery Range |
| 14:22 | Construir | House |
| 14:46 | Construir | Mining Camp |
| 14:53 | Crear | Villager (Male) |
| 15:04 | Construir | Farm |
| 15:18 | Crear | Villager (Male) |
| 15:26 | Construir | Farm |
| 15:42 | Construir | Archery Range |
| 15:46 | Crear | Villager (Male) |
| 15:55 | Construir | Farm |
| 16:02 | Investigar | Castle Age |
| 16:25 | Construir | Blacksmith |
| 16:30 | Crear | Archer ×2 |
| 16:46 | Crear | Archer ×2 |
| 16:53 | Investigar | Double-Bit Axe |
| 16:59 | Investigar | Horse Collar |
| 17:17 | Investigar | Gold Mining |
| 17:25 | Crear | Archer |
| 17:49 | Construir | Stable |
| 17:55 | Crear | Archer |
| 17:55 | Crear | Archer |
| 18:04 | Construir | Palisade Wall |
| 18:27 | Crear | Archer |
| 18:42 | Edad | Edad de los Castillos |
| 18:46 | Construir | Palisade Wall |
| 19:13 | Investigar | Padded Archer Armor |
| 19:19 | Crear | Villager (Male) |
| 19:19 | Crear | Villager (Male) |
| 19:19 | Crear | Villager (Male) |
| 19:20 | Crear | Villager (Male) |
| 19:25 | Construir | Town Center |
| 19:43 | Construir | Town Center |
| 20:06 | Crear | Knight |
| 20:07 | Crear | Knight |
| 20:07 | Crear | Knight |
| 20:15 | Construir | House |
| 20:17 | Construir | House |
| 20:18 | Construir | House |
| 20:28 | Crear | Villager (Male) ×5 |
| 20:28 | Crear | Villager (Male) ×5 |
| 20:32 | Construir | House |
| 20:41 | Crear | Villager (Male) |
| 20:41 | Crear | Villager (Male) |
| 20:41 | Crear | Villager (Male) |
| 20:41 | Crear | Villager (Male) |
| 20:48 | Crear | Villager (Male) |
| 20:49 | Crear | Villager (Male) |
| 20:49 | Crear | Villager (Male) |
| 21:06 | Crear | Archer |
| 21:06 | Crear | Archer |
| 21:22 | Construir | House |
| 21:23 | Construir | House |
| 21:24 | Construir | House |
| 21:24 | Construir | House |
| 21:26 | Construir | House |
| 21:28 | Construir | House |
| 21:36 | Crear | Villager (Male) ×4 |
| 21:36 | Crear | Villager (Male) ×4 |
| 21:36 | Crear | Villager (Male) ×4 |
| 21:48 | Crear | Knight |
| 21:48 | Crear | Knight |
| 21:48 | Crear | Knight |
| 22:09 | Crear | Villager (Male) ×3 |
| 22:09 | Crear | Villager (Male) ×3 |
| 22:41 | Investigar | Crossbowman (upgrade) |
| 22:53 | Construir | Farm |
| 22:53 | Construir | Farm |
| 22:53 | Construir | Farm |
| 22:53 | Construir | Farm |
| 22:54 | Construir | Farm |
| 22:54 | Construir | Farm |
| 22:54 | Construir | Farm |
| 22:54 | Construir | Farm |
| 22:54 | Construir | Farm |
| 22:59 | Crear | Villager (Male) |
| 22:59 | Crear | Villager (Male) |
| 23:19 | Crear | Villager (Male) ×3 |
Cronología de la partida
| 8:02 | Bebeso · first_building Barracks |
| 10:04 | Bebeso · age_up feudal |
| 11:13 | {06} · first_building Barracks |
| 11:33 | {06} · wall_segment Palisade Wall x18 |
| 11:50 | {06} · wall_segment Palisade Wall x10 |
| 11:59 | {06} · wall_segment Palisade Wall x9 |
| 12:14 | {06} · wall_segment Palisade Wall x13 |
| 12:27 | {06} · wall_segment Palisade Wall x9 |
| 13:09 | {06} · age_up feudal |
| 13:14 | {06} · wall_segment Palisade Wall x4 |
| 14:15 | {06} · first_building Archery Range |
| 15:01 | Bebeso · first_building Stable |
| 16:11 | Bebeso · first_building Archery Range |
| 17:49 | {06} · first_building Stable |
| 18:04 | {06} · wall_segment Palisade Wall x5 |
| 18:42 | {06} · age_up castle |
| 18:46 | {06} · wall_segment Palisade Wall x6 |
| 18:54 | Bebeso · age_up castle |
| 19:56 | Bebeso · first_market_buy 100 wood |
| 20:05 | {06} · first_market_sell 100 food |
| 22:36 | {06} · first_market_buy 100 food |
| 24:48 | Bebeso · first_building Siege Workshop |
| 28:55 | Bebeso · first_building Castle |
| 29:01 | {06} · first_building Monastery |
| 29:32 | Bebeso · first_building Monastery |
| 29:44 | {06} · wall_segment Stone Wall x26 |
| 29:44 | {06} · wall_segment Stone Wall x2 |
| 30:08 | {06} · first_building Siege Workshop |
| 31:22 | {06} · wall_segment Stone Wall x28 |
| 31:23 | {06} · wall_segment Stone Wall x1 |
| 31:25 | {06} · wall_segment Stone Wall x18 |
| 31:26 | {06} · wall_segment Stone Wall x2 |
| 31:28 | {06} · wall_segment Stone Wall x18 |
| 31:31 | {06} · wall_segment Stone Wall x38 |
| 31:40 | Bebeso · first_market_sell 100 wood |
| 32:32 | {06} · wall_segment Stone Wall x12 |
| 33:26 | {06} · first_building Castle |
| 34:18 | {06} · wall_segment Stone Wall x6 |
| 34:20 | {06} · wall_segment Stone Wall x5 |
| 34:36 | {06} · wall_segment Stone Wall x3 |
| 34:44 | {06} · wall_segment Stone Wall x7 |
| 34:49 | {06} · wall_segment Stone Wall x6 |
| 34:54 | Bebeso · age_up imperial |
| 38:11 | {06} · age_up imperial |
| 49:25 | {06} · resign |
[ ANÁLISIS IA · 1 CRÉDITO ]
¿Qué pasó realmente en esta partida?
Wolo.gg analiza cada decisión: build order, eco, micro, errores típicos por bracket. Análisis personalizado por WhatsApp o Discord en 30 segundos.
Guía civ
Wei
Guía mapa
Arabia
Perfil
Bebeso